 Dungeon Crawl Stone Soup version 0.30.1-1-g62c8e00024 (webtiles) character file.

Game seed: 8425096816963550951

1008 DwarfAlpaca the Covert (level 8, 0/46 (48) HPs)
             Began as a Kobold Brigand on July 15, 2023.
             Was an Initiate of Hepliaklqana.
             Slain by a wight
             ... wielding a +2 dagger of freezing
              (7 damage)
             ... on level 6 of the Dungeon.
             The game lasted 00:15:36 (4913 turns).

DwarfAlpaca the Covert (Kobold Brigand)             Turns: 4913, Time: 00:15:37

HP:   0/46 (48)     AC:  3    Str:  9    XL:     8   Next: 44%
MP:   8/8           EV: 17    Int: 12    God:    Hepliaklqana [......]
Gold: 141           SH:  0    Dex: 18    Spells: 7/7 levels left

rFire   + . .        a - +2 dagger
rCold   . . .        (no shield)
rNeg    . . .        b - +0 robe
rPois   .            (no helmet)
rElec   .            c - +0 cloak
rCorr   .            (no gloves)
SInv    .            (no boots)
Will    .....        (no amulet)
Stlth   ++++++       n - ring of protection from fire
HPRegen 0.27/turn    (no ring)
MPRegen 0.11/turn

%: no passive effects
@: lightly drained
A: small, no large weapons, nightstalker 3
a: Renounce Religion


You were on level 6 of the Dungeon.
You worshipped Hepliaklqana.
Hepliaklqana was noncommittal.
You visited 2 branches of the dungeon, and saw 7 of its levels.

You collected 271 gold pieces.
You spent 130 gold pieces at shops.

Inventory:

Hand Weapons
 a - a +2 dagger (weapon)
Missiles
 d - 8 poisoned darts (quivered)
 e - 3 curare-tipped darts
Armour
 b - a +0 robe (worn)
 c - a +0 cloak (worn)
Jewellery
 n - a ring of protection from fire (left hand)
 v - a +6 ring of strength
Scrolls
 f - 3 scrolls of amnesia
 g - 2 scrolls of vulnerability
 h - a scroll of identify
 i - 2 scrolls of immolation
 j - 2 scrolls of fear
 k - a scroll of enchant weapon {unknown}
 m - a scroll of teleportation {unknown}
 q - 2 scrolls of blinking {unknown}
 r - a scroll of magic mapping {unknown}
 s - a scroll of butterflies {unknown}
 t - a scroll of noise {unknown}
 u - a scroll of fog {unknown}
Potions
 l - 2 potions of curing
 o - 3 potions of heal wounds
 p - a potion of flight {unknown}
 w - a potion of haste
 x - a potion of might {unknown}
 z - a potion of brilliance {unknown}


   Skills:
 + Level 4.9 Fighting
 + Level 6.0 Short Blades
 - Level 2.1 Throwing
 + Level 4.9 Dodging
 * Level 9.9 Stealth


You had 7 spell levels left.
You didn't know any spells.
Your spell library contained the following spells:

 Spells                   Type           Power      Damage    Failure   Level
 Slow                     Hex            0%         N/A       32%         1
 Ensorcelled Hibernation  Hex/Ice        0%         N/A       45%         2
 Passwall                 Tmut/Erth      0%         N/A       45%         2
 Inner Flame              Hex/Fire       0%         N/A       69%         3
 Stone Arrow              Conj/Erth      0%         3d7       69%         3
 Swiftness                Air            0%         N/A       69%         3
 Flame Wave               Conj/Fire      0%         2d4       97%         4
 Sticky Flame             Conj/Fire      0%         2d3       97%         4
 Silence                  Hex/Air        0%         N/A       100%        5
 Shatter                  Erth           0%         3d5*      100%        9


Dungeon Overview and Level Annotations

Branches:
Dungeon (6/15)             Temple (1/1) D:4

Altars:
Ashenzari
Elyvilon
Fedhas
Gozag
Hepliaklqana
Kikubaaqudgha
Makhleb
Qazlal
Ru
Sif Muna
Trog
Uskayaw
Wu Jian
Xom
Yredelemnul
Zin
The Shining One

Shops:
D:1 :   D:2 (   D:5 !


Innate Abilities, Weirdness & Mutations

You are small and have problems with some larger weapons.
You are completely attuned to the shadows.


Message History

The wight hits you with a +2 dagger of freezing!
The wight freezes you.
You hit the wight but do no damage.
The wight is moderately damaged.
The wight closely misses you.
You hit the wight.
The wight is heavily damaged.
You closely miss the wight.
The wight is heavily damaged.
The wight completely misses you.
You hit the wight but do no damage.
The wight is heavily damaged.
The wight hits you with a +2 dagger of freezing!
You feel drained. The wight freezes you.
You hit the wight but do no damage.
The wight is heavily damaged.
The wight hits you with a +2 dagger of freezing!
* * * LOW HITPOINT WARNING * * *
The wight freezes you.
* * * LOW HITPOINT WARNING * * *
You closely miss the wight.
The wight is heavily damaged.
You closely miss the wight.
The wight is heavily damaged.
The wight closely misses you.
You hit the wight but do no damage.
The wight is heavily damaged.
The wight barely misses you.
You hit the wight but do no damage.
The wight is heavily damaged.
You closely miss the wight. Your punch misses the wight.
The wight is heavily damaged.
The wight hits you with a +2 dagger of freezing.
* * * LOW HITPOINT WARNING * * *
The wight freezes you.
* * * LOW HITPOINT WARNING * * *
You hit the wight but do no damage.
The wight is heavily damaged.
The wight hits you with a +2 dagger of freezing!
You die...

#.#
##<###
#......
#.#8###
#'###
###.###
#.'.'.#
###.###
#_'@z.#
###.###
+.+
###.#
#.'.+
###.###
#†'.'.#
###.###
#.'.'.#


You could see a wight.

Vanquished Creatures
  2 ice beasts (D:5)
  A phantom (D:5)
  3 necrophages (D:6)
  A wyvern zombie (D:6)
  A water moccasin zombie (D:6)
  A bullfrog zombie (D:6)
  A hound (D:4)
  A human zombie (D:6)
  2 orc priests
  2 sleepcaps
  An iguana (D:5)
  A mummy (D:6)
  8 adders
  3 ufetubi (D:5)
  2 worms
  2 dart slugs (D:2)
  13 orcs
  8 ball pythons
  8 endoplasms
  4 giant cockroaches
  11 goblins
  13 hobgoblins
  3 jackals (D:3)
  7 kobolds
  A quokka (D:4)
  4 bats (D:1)
  4 frilled lizards
  4 rats
112 creatures vanquished.

Notes
Turn   | Place    | Note
-------+----------+-------------------------------------------
     0 | D:1      | DwarfAlpaca the Kobold Brigand began the quest for the Orb.
     0 | D:1      | Reached XP level 1. HP: 12/12 MP: 1/1
    99 | D:1      | Reached XP level 2. HP: 18/18 MP: 2/2
   289 | D:1      | Reached XP level 3. HP: 22/22 MP: 3/3
   294 | D:1      | Found Igrayma's Book Shop.
   734 | D:1      | Reached skill level 6 in Stealth
  1206 | D:2      | Reached XP level 4. HP: 24/27 MP: 4/4
  1504 | D:2      | Found Kaziquxy's Weapon Shoppe.
  2048 | D:2      | Reached XP level 5. HP: 32/32 MP: 5/5
  2067 | D:3      | HP: 1/32 [hobgoblin (1)]
  2196 | D:3      | Found a blossoming altar of Fedhas.
  2390 | D:3      | Reached skill level 7 in Stealth
  2665 | D:4      | Reached XP level 6. HP: 37/37 MP: 6/6
  2899 | D:4      | Found a staircase to the Ecumenical Temple.
  2904 | Temple   | Entered the Ecumenical Temple
  2907 | Temple   | Found a transporter.
  2907 | Temple   | Found a transporter.
  2909 | Temple   | Found a transporter.
  2909 | Temple   | Found a transporter.
  3295 | D:4      | Got the Quarto of the Enchanting Mantle
  3719 | D:4      | Found a glowing silver altar of Zin.
  3720 | D:4      | Found a hide-covered altar of Uskayaw.
  3945 | D:5      | Entered Level 5 of the Dungeon
  3954 | D:5      | Reached skill level 8 in Stealth
  3954 | D:5      | Reached XP level 7. HP: 42/42 MP: 7/7
  3969 | D:5      | Found a broken altar of Ashenzari.
  4121 | D:5      | Reached skill level 5 in Short Blades
  4168 | D:5      | Found Kuorin's Distillery.
  4180 | D:5      | Bought a potion of curing for 30 gold pieces
  4180 | D:5      | Bought a potion of haste for 100 gold pieces
  4773 | D:5      | Found a hazy altar of Hepliaklqana.
  4778 | D:5      | Became a worshipper of Hepliaklqana the Forgotten
  4850 | D:6      | Reached skill level 9 in Stealth
  4854 | D:6      | Reached XP level 8. HP: 48/48 MP: 8/8
  4896 | D:6      | Found a basalt altar of Yredelemnul.
  4913 | D:6      | Slain by a wight

Illustrated notes

Levels and vault maps discovered:
D:1:      wander_arrival_desolate, layout_loops_cross, serial_shops,
          nicolae_book_shop_shelving, st_stairs_2, minmay_indecisive_spiral
D:2:      layout_rooms, serial_shops, shop, serial_forest,
          infiniplex_forest_end_2, infiniplex_forest_clump_double,
          infiniplex_forest_lined_4_way, infiniplex_forest_clump_small,
          infiniplex_forest_straight_2, infiniplex_forest_end_1,
          infiniplex_forest_lined_room_3, minmay_tall_x
D:3:      layout_rooms, mainiacjoe_overflow_paths
D:4:      layout_basic, gammafunk_temple_overflow_statue,
          minmay_temple_entry_sparse_star
D:5:      layout_basic, worldfamousw_hep_ancestral_shrine,
          nicolae_ashenzari_panopticon, serial_shops, shop
D:6:      layout_loops_ring, lemuel_mausoleum_altar_yredelemnul,
          gup_sewer_entry_bubbles, grunt_decor_resistance,
          chequers_decorated_corner, corner_web_ring,
          chequers_serial_rivers_micro_a, uniq_grinder
Temple:   hellmonk_temple_divided_pantheon

Skill      XL: |  1  2  3  4  5  6  7  8 |
---------------+-------------------------+-----
Short Blades   | 3 4 5 6 |  6.0
Dodging        | 2 3 4 |  4.9
Stealth        | 6 7 8 9 |  9.9
Fighting       | 3 4 |  4.9
Throwing       | |  2.1

Action                     |  1- 3 |  4- 6 |  7- 9 || total
---------------------------+-------+-------+-------++-------
  Melee: Dagger            |   114 |   219 |    86 ||   419
         Punch             |     2 |     2 |     1 ||     5
  Throw: Dart              |       |    12 |       ||    12
    Use: Scroll            |       |       |     5 ||     5
   Stab: Sleeping          |    17 |    19 |    15 ||    51
         Distracted        |       |     1 |       ||     1
 Armour: Robe              |    11 |    23 |     6 ||    40
  Dodge: Dodged            |    25 |   127 |    60 ||   212
